 Dungeon Crawl Stone Soup version 0.25-a0-566-g062765be81 (webtiles) character file.

Game seed: 699776218657413430, levelgen mode: classic

2233 Elric the Fighter (level 9, -17/102 HPs)
             Began as a Minotaur Fighter on Aug 7, 2019.
             Was a Believer of Hepliaklqana.
             Killed from afar by Maggie (24 damage)
             ... with a bolt of fire
             ... on level 7 of the Dungeon on Feb 27, 2020.
             The game lasted 00:11:12 (5706 turns).

Elric the Fighter (Minotaur Fighter)                Turns: 5706, Time: 00:11:12

Health: -17/102    AC: 24    Str: 25    XL:     9   Next: 14%
Magic:  8/8        EV:  2    Int:  9    God:    Hepliaklqana [**....]
Gold:   316        SH: 10    Dex: 11    Spells: 8/8 levels left

rFire    . . .     SeeInvis .   J - +1 war axe "Dotacs" {holy, MR+ Str+2 Int+4}
rCold    . . .     Gourm    .   c - +0 kite shield
rNeg     + + +     Faith    +   (armour currently unavailable)
rPois    +         Spirit   .   (helmet currently unavailable)
rElec    .         Reflect  .   (cloak currently unavailable)
rCorr    .         Harm     .   (gloves currently unavailable)
MR       +....     NoTele   +   (boots currently unavailable)
Stlth    +.........             m - amulet of faith
HPRegen  0.67/turn              (no ring)
MPRegen  0.11/turn              (no ring)

@: lethally poisoned (-17 -> -17), tree-form, stab, mesmerised
A: (retaliatory headbutt), reduced essence, frail 1, regeneration 1
a: Recall Ancestor, Ancestor Identity, Renounce Religion


You were on level 7 of the Dungeon.
You worshipped Hepliaklqana.
Hepliaklqana was pleased with you.
You were very hungry.
You were a tree.
You visited 2 branches of the dungeon, and saw 8 of its levels.

You collected 316 gold pieces.

Inventory:

Hand Weapons
 a - a +0 war axe
 y - a +0 hand axe of electrocution
 J - the +1 war axe "Dotacs" (weapon) {holy, MR+ Str+2 Int+4}
   (You found it on level 6 of the Dungeon)

   It has been blessed by the Shining One to cause great damage to the undead
   and demons.
   It affects your strength (+2).
   It affects your intelligence (+4).
   It affects your resistance to hostile enchantments.
Armour
 b - a +0 scale mail
 c - a +0 kite shield (worn)
 o - a +0 plate armour (melded)
Jewellery
 m - an amulet of faith (around neck)
 B - an uncursed ring of protection from magic {unknown}
 C - an uncursed ring of resist corrosion {unknown}
Wands
 z - a wand of random effects (18)
 D - a wand of paralysis (12)
Scrolls
 j - 3 scrolls of teleportation
 k - a scroll of remove curse
 l - 2 scrolls of fear {unknown}
 n - 4 scrolls of identify
 p - a scroll of enchant armour {unknown}
 t - a scroll of fog {unknown}
 E - a scroll of random uselessness {unknown}
 F - a scroll of enchant weapon {unknown}
 H - 3 scrolls of noise {unknown}
 I - 2 scrolls of magic mapping {unknown}
Potions
 d - a potion of might
 e - a potion of brilliance {unknown}
 g - 3 potions of haste {unknown}
 h - 2 potions of resistance {unknown}
 i - 4 potions of stabbing
 q - 3 potions of curing {unknown}
 r - a potion of magic {unknown}
 s - 2 potions of mutation
 u - 3 potions of ambrosia {unknown}
 v - a potion of flight {unknown}
 w - 2 potions of degeneration {unknown}
 x - 3 potions of lignification
 A - a potion of heal wounds {unknown}
 G - a potion of berserk rage {unknown}
Comestibles
 f - 12 rations


   Skills:
 + Level 10.8 Fighting
 + Level 10.3 Axes
 - Level 3.8 Armour
 - Level 3.9 Shields


You had 8 spell levels left.
You didn't know any spells.
Your spell library contained the following spells:

 Spells                   Type           Power        Failure   Level  Hunger
 Shock                    Conj/Air       #...         86%         1    ##.....
 Shroud of Golubria       Chrm/Tloc      #.....       95%         2    ###....
 Mephitic Cloud           Conj/Pois/Air  #.......     99%         3    ####...
 Static Discharge         Conj/Air       #.......     99%         3    ####...


Dungeon Overview and Level Annotations

Branches:
Dungeon (7/15)             Temple (1/1) D:4

Altars:
Ashenzari
Cheibriados
Dithmenos
Elyvilon
Fedhas
Hepliaklqana
Kikubaaqudgha
Makhleb
Nemelex Xobeh
Okawaru
Qazlal
Ru
Sif Muna
Trog
Uskayaw
Wu Jian
Xom
Zin
The Shining One

Shops:
D:4 *(*   D:6 %

Annotations:
D:7 Maggie


Innate Abilities, Weirdness & Mutations

((You reflexively headbutt those who attack you in melee.))
((You have a pair of horns on your head.))
Your life essence is reduced to manifest your ancestor. (-10% HP)
((You have very sharp teeth.))
You are frail. (-10% HP)
Your natural rate of healing is unusually fast.


Message History

Unknown command.
You closely miss Maggie. Maggie hits you with a +0 glaive!
* * * LOW HITPOINT WARNING * * *
Rabi casts a spell at Maggie.
The puff of frost hits Maggie.
It was a potion of stabbing.
You feel ready to backstab. Maggie hits you with a +0 glaive!
* * * LOW HITPOINT WARNING * * *
Rabi hits Maggie with a +0 quarterstaff.
It was a potion of mutation.
You feel extremely strange.
You begin to heal more quickly.
You feel frail.
Your teeth lengthen and sharpen.
You feel sick. Maggie hits you but does no damage.
It was a potion of lignification.
You turn into a tree.
Your +0 plate armour melds into your body.
Your roots penetrate the ground.
Rabi closely misses Maggie.
Maggie gestures at you while chanting. The bolt of fire hits you!!
You die...

#.##### #.....#
#####...<.#
..........#
..........###.#
###..........#
#.##(#####.#
#.##)## # #R♣)#
.......@..#
##.#.#....#
#.##.#.# .
..#.# # ....#
##... # .


You could see the friendly Rabi the battlemage and Maggie.

Vanquished Creatures
  Grinder (D:3)
  Sigmund (D:3)
  Edmund (D:4)
  2 orc warriors
  2 ice beasts (D:6)
  A sky beast (D:5)
  A hornet zombie (D:3)
  An ogre (D:5)
  A phantom (D:5)
  2 centaurs
  A big kobold (D:7)
  A bullfrog (D:6)
  A scorpion (D:5)
  2 howler monkeys
  2 hounds (D:4)
  A centaur skeleton (D:5)
  3 orc priests
  2 orc wizards
  Terence (D:3)
  4 worker ants
  A hound skeleton (D:4)
  6 adders
  3 gnolls (D:4)
  A worm (D:5)
  5 dart slugs
  A leopard gecko (D:4)
  14 orcs
  4 giant cockroaches
  5 goblins
  7 hobgoblins
  A jackal (D:6)
  15 kobolds
  5 quokkas
  3 ball pythons
  6 bats
  3 frilled lizards
  3 leopard gecko skeletons
  12 rats
126 creatures vanquished.

Vanquished Creatures (collateral kills)
  A scorpion (D:6)
  A hound (D:4)
  A jackal (D:6)
3 creatures vanquished.

Grand Total: 129 creatures vanquished

Notes
Turn   | Place    | Note
-------+----------+-------------------------------------------
     0 | D:1      | Elric the Minotaur Fighter began the quest for the Orb.
     0 | D:1      | Reached XP level 1. HP: 19/19 MP: 0/0
   247 | D:1      | Reached XP level 2. HP: 27/27 MP: 1/1
   626 | D:1      | You fall into a shaft and drop 1 floor!
   627 | D:2      | Noticed a centaur
   631 | D:2      | Killed a centaur
   631 | D:2      | Reached skill level 5 in Fighting
   631 | D:2      | Reached XP level 3. HP: 30/36 MP: 2/2
   631 | D:2      | Reached XP level 4. HP: 35/42 MP: 3/3
  1358 | D:2      | Reached XP level 5. HP: 48/48 MP: 4/4
  1424 | D:2      | Found a white marble altar of Elyvilon.
  1697 | D:2      | Found an ornate altar of the Wu Jian Council.
  1899 | D:3      | Found a faded altar of an unknown god.
  1900 | D:3      | Noticed Grinder
  1912 | D:3      | Killed Grinder
  1912 | D:3      | Reached skill level 5 in Axes
  1912 | D:3      | Reached XP level 6. HP: 22/58 MP: 5/5
  2160 | D:3      | Noticed Sigmund
  2271 | D:3      | Killed Sigmund
  2271 | D:3      | Reached XP level 7. HP: 66/66 MP: 6/6
  2306 | D:3      | Noticed an angel
  2312 | D:3      | Found a shimmering altar of Xom.
  2316 | D:3      | Found a glowing silver altar of Zin.
  2503 | D:3      | Noticed Terence
  2508 | D:3      | Killed Terence
  3167 | D:4      | Found Ygaprom's Assorted Antiques.
  3284 | D:4      | Identified the Volume of Flying Good Luck
  3382 | D:4      | Upgraded the game from 0.24-a0-530-g18ba70b503 to
                  | 0.25-a0-566-g062765be81
  3385 | D:4      | Found a hazy altar of Hepliaklqana.
  3394 | D:4      | Became a worshipper of Hepliaklqana the Forgotten
  3414 | D:4      | Found a bloodstained altar of Trog.
  3414 | D:4      | Noticed Edmund
  3427 | D:4      | Killed Edmund
  3427 | D:4      | Reached XP level 8. HP: 61/69 MP: 7/7
  3433 | D:4      | Found Feiwis's Assorted Antiques.
  3607 | D:4      | Found a shimmering blue altar of Sif Muna.
  3661 | D:4      | Found a staircase to the Ecumenical Temple.
  3801 | D:4      | Found Pyneitur's Weapon Boutique.
  3818 | D:4      | Found a blossoming altar of Fedhas.
  4024 | Temple   | Entered the Ecumenical Temple
  4092 | D:5      | Entered Level 5 of the Dungeon
  4207 | D:5      | Reached * piety under Hepliaklqana
  4685 | D:6      | Found a stormy altar of Qazlal.
  4706 | D:6      | Reached skill level 10 in Fighting
  4828 | D:6      | Reached skill level 10 in Axes
  4830 | D:6      | Reached ** piety under Hepliaklqana
  4831 | D:6      | Remembered your ancestor Rabi as a battlemage
  4975 | D:6      | Reached XP level 9. HP: 76/77 MP: 8/8
  5033 | D:6      | Got an ancient war axe
  5034 | D:6      | Identified the cursed +1 war axe "Dotacs" {holy, MR+ Str+2
                  | Int+4} (You found it on level 6 of the Dungeon)
  5178 | D:6      | Found Ezoerekh's Food Shop.
  5688 | D:7      | Noticed Maggie
  5705 | D:7      | Gained mutation: Your natural rate of healing is unusually
                  | fast. [potion of mutation]
  5705 | D:7      | Gained mutation: You are frail. (-10% HP) [potion of
                  | mutation]
  5705 | D:7      | Gained mutation: You have very sharp teeth. [potion of
                  | mutation]
  5706 | D:7      | Killed from afar by Maggie

Levels and vault maps discovered:
D:1:      ebering_trefoil_twist, layout_loops_ring, minmay_misc_feat_plants,
          chequers_serial_rivers_small_b, grunt_decor_mini_mirrors
D:2:      layout_basic, marbit_many_paths, elyvilon_altar_1,
          minmay_rat_gold_closets
D:3:      layout_loops_ring, grunt_temple_overflow_order_and_chaos_1,
          chequers_ecumenical_altar_island, uniq_terence, uniq_sigmund,
          uniq_grinder
D:4:      layout_loops_cross, lemuel_crystal_altar, kennysheep_mini,
          old_standard_altar, temple_green, serial_shops,
          nicolae_shop_overgrown_old_shop, nicolae_shop_overgrown_old_shop,
          shop, first_ration, led_sif_pool, uniq_edmund
D:5:      layout_basic
D:6:      layout_basic, serial_shops, nicolae_shop_behind_doors, minivault_1,
          grunt_qazlal_clouds
D:7:      layout_loops_ring, kennysheep_little_box, minitemple, grunt_livestock,
          uniq_maggie, uniq_menkaure
Temple:   nicolae_temple_no_exploring_needed

Skill      XL: |  1  2  3  4  5  6  7  8 |
---------------+-------------------------+-----
Fighting       | 4 5 6 7 8 10 | 10.8
Axes           | 4 5 6 8 10 | 10.3
Armour         | |  3.8
Shields        | |  3.9

Action                   |  1- 3 |  4- 6 |  7- 9 || total
-------------------------+-------+-------+-------++-------
Melee: War axe           |    48 |   107 |    47 ||   202
       Headbutt          |     6 |    23 |    41 ||    70
       Hand axe          |       |       |   144 ||   144
Invok: Ancestor Life: Ba |       |       |     1 ||     1
  Use: Potion            |       |     1 |     3 ||     4
       Scroll            |       |       |     3 ||     3
  Eat: Chunk             |       |     4 |     7 ||    11
       Ration            |       |     1 |       ||     1
Armor: Scale mail        |    31 |       |       ||    31
       Plate armour      |       |    53 |    71 ||   124
Dodge: Dodged            |    12 |    14 |    30 ||    56
Block: Kite shield       |    16 |    58 |    87 ||   161

Table legend:
 A = Non-vault XP
 B = Vault XP
 C = Vault XP percentage of total XP
 D = Non-vault monster count
 E = Vault monster count
 F = Vault count percentage of total count
                 A         B        C        D         E       F
            +---------+---------+-------+---------+---------+-------
      Total |    2389 |     801 |  25.1 |     116 |      13 |  10.1
            +---------+---------+-------+---------+---------+-------
        D:1 |      38 |       0 |   0.0 |      17 |       0 |   0.0
        D:2 |      42 |     123 |  74.5 |      13 |       9 |  40.9
        D:3 |     338 |     520 |  60.6 |      29 |       3 |   9.4
        D:4 |     421 |     158 |  27.3 |      20 |       1 |   4.8
        D:5 |     641 |       0 |   0.0 |      13 |       0 |   0.0
        D:6 |     697 |       0 |   0.0 |      15 |       0 |   0.0
        D:7 |     212 |       0 |   0.0 |       9 |       0 |   0.0
            +---------+---------+-------+---------+---------+-------
